 Dungeon Crawl Stone Soup version 0.28.0-45-g0d030f2227 (webtiles) character file.

Game seed: 7938025803150031734

9 protoss039 the Digger (level 2, 0/15 HPs)
             Began as a Gargoyle Earth Elementalist on Apr 30, 2022.
             Slain by a rat (2 damage)
             ... on level 1 of the Dungeon.
             The game lasted 00:00:44 (31 turns).

protoss039 the Digger (Gargoyle Earth Elementalist)   Turns: 31, Time: 00:00:44

Health: 0/15       AC:  4    Str: 11    XL:     2   Next: 16%
Magic:  1/5        EV: 11    Int: 15    God:
Gold:   0          SH:  0    Dex: 10    Spells: 4/5 levels left

rFire   . . .      SeeInvis .   a - +0 spear
rCold   . . .      Faith    .   (no shield)
rNeg    + . .      Spirit   .   b - +0 robe
rPois   ∞          Reflect  .   (no helmet)
rElec   +          Harm     .   (no cloak)
rCorr   .          Rampage  .   (no gloves)
Will    .....                   (no boots)
Stlth   ++........              (no amulet)
HPRegen 0.05/turn               (no ring)
MPRegen 0.09/turn               (no ring)

@: no status effects
A: sickness immunity, AC +2, negative energy resistance 1, electricity
resistance, torment resistance 1, petrification resistance
a: no special abilities


You were on level 1 of the Dungeon.
You visited 1 branch of the dungeon, and saw 1 of its levels.

Inventory:

Hand Weapons
 a - a +0 spear (weapon)
Missiles
 c - 26 stones
Armour
 b - a +0 robe (worn)


   Skills:
 - Level 1.5 Dodging
 - Level 2.1 Stealth
 + Level 2.2 Spellcasting
 - Level 1.0 Transmutations
 + Level 4.0 Earth Magic


You had 4 spell levels left.
You knew the following spells:

 Your Spells              Type           Power      Damage    Failure   Level
a - Sandblast             Erth           26%        2d8       4%          1

Your spell library contained the following spells:

 Spells                   Type           Power      Damage    Failure   Level
 Passwall                 Tmut/Erth      7%         N/A       12%         2
 Stone Arrow              Conj/Erth      14%        3d7       28%         3
 Petrify                  Tmut/Erth      9%         N/A       58%         4


Dungeon Overview and Level Annotations

Branches:
Dungeon (1/15)

Altars:


Innate Abilities, Weirdness & Mutations

You are immune to sickness and miasma.
Your stone body is resilient. (AC +2)
You are immune to poison.
You resist negative energy. (rN+)
You are resistant to electric shocks. (rElec)
You are resistant to unholy torment.
You are immune to petrification.


Message History

Unknown command.
There is an open door here.
You aren't carrying any scrolls.
You aren't carrying any potions.
You closely miss the rat. The rat bites you but does no damage.
You completely miss the rat. The rat closely misses you.
The gnoll hits you from afar with a +0 spear.
Ouch! That really hurt!
* * * LOW HITPOINT WARNING * * *
Found a scroll labelled LOELIHU LUTERU.
Found a viscous silvery potion.
You barely miss the rat. The rat closely misses you.
Casting: Sandblast (safe; 4% risk of failure)
Confirm with . or Enter, or press ? or * to list all spells.
Aiming: Sandblast (safe; 4% risk of failure)
Press: ? - help, Shift-Dir - straight line, f/p - gnoll
Aim: a gnoll, wielding a +0 spear (severely wounded, 82% to hit)
The blast of sand hits the gnoll.
You kill the gnoll!
The rat bites you but does no damage.
Training target 1.0 for Transmutations reached!
Your Transmutations skill increases to level 1!
Your Earth Magic skill increases to level 4!
You have reached level 2!
Unknown command.
The rat bites you but does no damage. The rat bites you but does no damage.
There is an open door here.
Things that are here:
a +0 spear; a gnoll corpse
a - a +0 spear The rat barely misses you.
a - a +0 spear (weapon)
The rat barely misses you.
You are too injured to fight recklessly!
Reach: a) +0 spear
Press: ? - help, Dir - move target, f - rat
Aim: a rat (about 43% to evade your +0 spear)
You hit the rat but do no damage. The rat bites you.
You die...

≈..⌠ ≈..$...#..#
#.... ...... ..# #
##≈≈≈###≈≈§###..#.#
.....§#§....#§....
...$.§§§.⌠.§≈§.#
......≈§§<§§§..#
......#.....#..#
..... ##≈≈≈#'..#
.### #.@r.....##.#
###.........#
#.........#
#.........#
.....##....+
.......# ....#
.......# .#..#
.......# $#..#
....... >.


You could see a rat.

Vanquished Creatures
  A gnoll (D:1)
1 creature vanquished.

Notes
Turn   | Place    | Note
-------+----------+-------------------------------------------
     0 | D:1      | protoss039 the Gargoyle Earth Elementalist began the quest
                  | for the Orb.
     0 | D:1      | Reached XP level 1. HP: 10/10 MP: 3/3
    20 | D:1      | Reached skill level 1 in Transmutations
    20 | D:1      | Reached skill level 4 in Earth Magic
    20 | D:1      | Reached XP level 2. HP: 2/15 MP: 0/5
    31 | D:1      | Slain by a rat

Illustrated notes

Levels and vault maps discovered:
D:1:      dpeg_arrival_rooms_with_view, layout_basic,
          ebering_ecumenical_altar_petrified

Skill      XL: |  1 |
---------------+----+-----
Transmutations | 1 |  1.0
Earth Magic    | 4 |  4.0
Dodging        | |  1.5
Stealth        | |  2.1
Spellcasting   | |  2.2

Action                   || total
-------------------------++-------
Melee: Unarmed           ||     3
       Spear             ||     1
 Cast: Sandblast         ||     4
Armor: Robe              ||     4
Dodge: Dodged            ||     6
